 Dungeon Crawl Stone Soup version 0.28-a0-751-gef3a642a4e (webtiles) character file.

Game seed: 16647886778807722682

46 jasper the Charlatan (level 3, -1/27 HPs)
             Began as a Demonspawn Artificer on Oct 30, 2021.
             Succumbed to an adder's poison
             ... on level 2 of the Dungeon.
             The game lasted 00:02:36 (2616 turns).

jasper the Charlatan (Demonspawn Artificer)         Turns: 2616, Time: 00:02:36

Health: -1/27      AC:  3    Str: 18    XL:     3   Next: 44%
Magic:  3/3        EV: 11    Int: 13    God:
Gold:   74         SH:  0    Dex: 13    Spells: 2/2 levels left

rFire   . . .      SeeInvis .     - Unarmed
rCold   . . .      Faith    .   (no shield)
rNeg    . . .      Spirit   .   b - +0 leather armour
rPois   .          Reflect  .   (no helmet)
rElec   .          Harm     .   (no cloak)
rCorr   .          Rampage  .   (no gloves)
Will    .....                   (no boots)
Stlth   +.........              (no amulet)
HPRegen 0.09/turn               g - +6 ring of strength
MPRegen 0.08/turn               (no ring)

@: lethally poisoned (-1 -> -13)
A: powered by death 1
a: no special abilities


You were on level 2 of the Dungeon.
You visited 1 branch of the dungeon, and saw 2 of its levels.

You collected 74 gold pieces.

Inventory:

Hand Weapons
 a - a +0 club
Missiles
 h - 39 stones (quivered)
Armour
 b - a +0 leather armour (worn)
Jewellery
 g - a +6 ring of strength (left hand)
 j - a +6 ring of strength
Wands
 d - a wand of charming (15)
Scrolls
 f - a scroll of fog {unknown}
 i - a scroll of identify {unknown}
Miscellaneous
 e - a piece from Xom's chessboard (15/15)


   Skills:
 + Level 1.8 Fighting
 + Level 2.3 Armour
 - Level 0.8 Dodging
 - Level 0.8 Stealth
 * Level 1.9 Unarmed Combat
 - Level 3.0 Evocations


You had 2 spell levels left.
You didn't know any spells.
Your spell library was empty.

Dungeon Overview and Level Annotations

Branches:
Dungeon (2/15)

Altars:
Fedhas


Innate Abilities, Weirdness & Mutations

You regenerate a little health from kills.


Message History

You hit the adder.
The adder is heavily wounded.
You feel very sick. The adder misses you.
You take 3 damage, and have 17/27 hp.
You hit the adder.
The adder is almost dead.
You feel sick. The adder bites you.
You take 3 damage, and have 14/27 hp.
Aiming: Throw Flame
Press: ? - help, Shift-Dir - straight line, f/p - adder
Aim: an adder (almost dead, 53% to hit)
The puff of flame misses the adder.
The now-empty wand crumbles to dust.
You feel sick. The adder bites you. x2
You are lethally poisoned!
The adder poisons you!
You take 3 damage, and have 11/27 hp.
You don't have any such object.
Evoke which item? (* to show all) (? for menu, Esc to quit)
Okay, then.
You closely miss the adder.
The adder is almost dead.
* * * LOW HITPOINT WARNING * * *
You feel very sick. The adder bites you.
* * * LOW HITPOINT WARNING * * *
You are more poisoned.
The adder poisons you!
You take 6 damage, and have 5/27 hp.
MASSIVE DAMAGE!!
You aren't carrying any potions.
Okay, then.
You miss the adder.
The adder is almost dead.
* * * LOW HITPOINT WARNING * * *
You feel very sick. The adder misses you.
You take 3 damage, and have 2/27 hp.
You closely miss the adder.
The adder is almost dead.
You die...

#.......#.#'##...
....(..#.......#...##...
.......#.......##..##...
..>....#.......##..###+#
....... ......#..#..
.......### #...##†#.#
.........####......#.#
.......S...........#.# #
.......@...........#.#.#
.#####...............#.#
#...####...........
##### #..)........
#...##.#.#.#
#...##.#...#
######.#...# #.#..>#
#.#.#.#


You could see an adder.

Vanquished Creatures
  An adder (D:2)
  A dart slug (D:2)
  4 ball pythons (D:2)
  An endoplasm (D:1)
  2 giant cockroaches
  2 goblins (D:1)
  4 hobgoblins
  4 jackals (D:1)
  5 kobolds
  3 bats
  3 frilled lizards
  2 rats
32 creatures vanquished.

Notes
Turn   | Place    | Note
-------+----------+-------------------------------------------
     0 | D:1      | jasper the Demonspawn Artificer began the quest for the
                  | Orb.
     0 | D:1      | Reached XP level 1. HP: 15/15 MP: 1/1
   116 | D:1      | Found a faded altar of an unknown god.
   189 | D:1      | Reached skill level 1 in Unarmed Combat
   189 | D:1      | Gained mutation: You regenerate a little health from kills.
                  | [demonic ancestry]
   189 | D:1      | Reached XP level 2. HP: 21/21 MP: 2/2
   656 | D:1      | You fall into a shaft and drop 1 floor!
   661 | D:2      | Found a blossoming altar of Fedhas.
  2041 | D:2      | Reached XP level 3. HP: 17/26 MP: 3/3
  2616 | D:2      | Succumbed to an adder's poison

Illustrated notes

Levels and vault maps discovered:
D:1:      eino_arrival_druids_welcome, layout_basic, basic_ecumenical_altar,
          minmay_misc_feat_encased, hangedman_decor_push
D:2:      layout_basic, basic_altar

Skill      XL: |  1 |
---------------+----+-----
Armour         | 2 |  2.3
Unarmed Combat | 1 |  1.9
Fighting       | |  1.8
Dodging        | |  0.8
Stealth        | |  0.8
Evocations     | |  3.0

Action                   || total
-------------------------++-------
Melee: Club              ||     2
       Unarmed           ||   154
Throw: Stone             ||    26
Evoke: Wand              ||    15
  Use: Scroll            ||     2
Armor: Leather armour    ||    57
Dodge: Dodged            ||    88

Table legend: (Time is in decaauts)
 A = Elapsed time spent in this place.
 B = Non-inter-level travel time spent in this place.
 C = Inter-level travel time spent in this place.
 D = Time resting spent in this place.
 E = Time spent auto-exploring this place.
 F = Levels seen in this place.
 G = Mean time per level.
                   A        B        C        D        E       F      G
               +--------+--------+--------+--------+--------+-----+--------+
         Total |   2614 |   2426 |    188 |    751 |   1326 |   2 | 1307.0 |
       Dungeon |   2614 |   2426 |    188 |    751 |   1326 |   2 | 1307.0 |
               +--------+--------+--------+--------+--------+-----+--------+

Top non-repeatable levels by time:
     D:1: 1432 daAuts
     D:2: 1181 daAuts
